Map: [TLMC19] Moonwater

Players

DKZherO (herO) - Winner!

  • Race: Protoss Protoss
  • League: Master
  • Spawn Location: 11:00

ByuN

  • Race: Terran Terran
  • Spawn Location: 1:00

VOD

Have the link to the VOD?

Description

Time

  • Played on: Dec. 23, 2023, 11:31 a.m.
  • Length: 15:47
Show
View Real Time Build Order
Export as new Build Order

DKZherO Protoss - Winner!

Build Orders: 1 Gate Expand, Blink Stalkers 

Get SALT Encoding   

  12  0:00  Probe  
  13  0:12  Probe  
  14  0:18  Pylon  
  14  0:24  Probe  
  15  0:36  Gateway  
  15  0:40  Probe (Chrono Boost)  
  16  0:46  Assimilator  
  16  0:52  Probe (Chrono Boost)  
  17  0:59  Probe (Chrono Boost)  
  18  1:06  Probe  
  19  1:19  Probe  
  19  1:25  Cybernetics Core  
  20  1:37  Nexus  
  20  1:44  Pylon  
  20  1:47  Probe  
  20  1:52  Assimilator  
  21  1:59  Adept (Chrono Boost), Probe  
  22  2:05  Warp Gate  
  24  2:11  Probe  
  25  2:21  Adept (Chrono Boost)  
  27  2:23  Probe  
  28  2:35  Stargate  
  28  2:36  Probe  
  29  2:42  Adept  
  30  2:48  Probe  
  30  2:50  Probe  
  32  2:57  Twilight Council  
  32  3:02  Gateway, Probe  
  32  3:04  Probe  
  34  3:12  Stalker  
  35  3:16  Probe  
  35  3:17  Probe  
  37  3:26  Blink (Chrono Boost)  
  37  3:28  Probe  
  37  3:29  Pylon, Probe  
  39  3:42  Robotics Facility  
  39  3:46  Probe  
  39  3:47  Probe  
  41  3:54  Stalker  
  43  3:59  Probe x2  
  43  4:01  Stalker  
  47  4:05  Pylon  
  47  4:13  Probe x2  
  49  4:23  Shield Battery  
  49  4:27  Stalker x2  
  55  4:35  Shield Battery  
  55  4:36  Immortal (Chrono Boost)  
  53  4:55  Stalker x2  
  53  4:58  Pylon  
  55  5:03  Probe x2  
  55  5:04  Assimilator  
  55  5:05  Pylon  
  55  5:06  Assimilator  
  57  5:08  Immortal (Chrono Boost)  
  61  5:18  Pylon, Probe x2  
  63  5:30  Probe x2  
  65  5:36  Shield Battery, Forge  
  65  5:43  Probe x2  
  65  5:44  Robotics Bay  
  65  5:47  Observer  
  68  6:02  Charge (Chrono Boost)  
  68  6:07  Probe x2  
  68  6:09  Protoss Ground Weapons Level 1 (Chrono Boost)  
  70  6:14  Nexus  
  70  6:16  Pylon  
  70  6:17  Gateway  
  70  6:22  Probe  
  70  6:23  Probe  
  72  6:27  Colossus (Chrono Boost)  
  72  6:32  Pylon  
  78  6:33  Extended Thermal Lance  
  78  6:35  Zealot  
  78  6:37  Zealot  
  82  6:41  Probe x2  
  84  6:47  Gateway  
  84  6:48  Pylon  
  84  6:53  Probe x2 (Chrono Boost)  
  86  7:05  Probe x2 (Chrono Boost)  
  86  7:08  Sentry x2  
  92  7:09  Gateway  
  92  7:10  Probe x2 (Chrono Boost)  
  92  7:11  Gateway  
  94  7:18  Colossus (Chrono Boost)  
  94  7:19  Probe x2  
  102  7:25  Sentry  
  102  7:27  Probe  
  105  7:32  Pylon  
  105  7:35  Probe  
  105  7:36  Probe  
  107  7:37  Gateway  
  107  7:39  Probe  
  107  7:42  Stalker x2  
  112  7:47  Pylon  
  112  7:48  Pylon  
  112  7:55  Colossus (Chrono Boost)  
  112  8:04  Gateway  
  112  8:05  Colossus (Chrono Boost)  
  118  8:08  Stalker x4  
  118  8:12  Zealot x2  
  130  8:19  Pylon  
  130  8:24  Nexus  
  130  8:28  Protoss Ground Weapons Level 2 (Chrono Boost)  
  130  8:29  Observer  
  130  8:38  Zealot x7  
  144  8:47  Observer  
  145  8:58  Zealot x6  
  109  9:20  Colossus (Chrono Boost)  
  109  9:23  Zealot x4  
  109  9:24  Zealot x3  
  115  9:25  Zealot  
  113  9:42  Probe x3  
  106  9:47  Sentry  
  106  9:48  Stalker x6, Sentry  
  120  9:55  Probe x4  
  124  10:01  Disruptor  
  124  10:10  Observer  
  128  10:16  Stalker x7  
  128  10:21  Zealot  
  144  10:24  Gateway  
  144  10:25  Observer  
  144  10:27  Gateway  
  144  10:41  Zealot x6  
  144  10:42  Zealot x2, Observer  
  144  11:01  Colossus (Chrono Boost)  
  144  11:02  Zealot x6  
  144  11:03  Zealot x2  
  110  11:12  Protoss Ground Armor Level 1 (Chrono Boost)  
  104  11:22  Nexus  
  104  11:24  Pylon  
  84  11:36  Colossus (Chrono Boost)  
  84  11:37  Zealot x4  
  84  11:38  Zealot x4, Robotics Facility  
  100  11:40  Stalker x2  
  100  11:42  Probe x2  
  100  11:43  Probe x2  
  114  11:47  Shield Battery  
  114  11:56  Forge  
  114  11:57  Sentry  
  114  11:58  Zealot, Sentry x2  
  114  11:59  Zealot x3  
  128  12:11  Zealot x3  
  134  12:19  Disruptor (Chrono Boost)  
  134  12:24  Disruptor (Chrono Boost)  
  140  12:31  Probe x4  
  140  12:33  Stalker x2, Zealot x2  
  140  12:34  Zealot x2, Gateway  
  140  12:35  Zealot, Gateway  
  158  12:40  Stalker, Zealot  
  158  12:41  Zealot  
  158  12:43  Probe  
  137  12:58  Colossus (Chrono Boost)  
  129  12:59  Zealot x7  
  129  13:15  Colossus (Chrono Boost)  
  129  13:18  Zealot x3  
  139  13:24  Stalker  
  139  13:25  Stalker, Zealot x5  
  143  13:40  Pylon  
  137  13:46  Zealot x10  
  143  13:57  Disruptor (Chrono Boost)  
  143  14:00  Disruptor (Chrono Boost)  
  137  14:07  Stalker x3, Zealot  
  137  14:08  Zealot x5  
  149  14:15  Nexus  
  143  14:18  Shield Battery  
  143  14:31  Zealot  
  143  14:32  Zealot x7  
  135  14:52  Disruptor x2 (Chrono Boost)  
  139  15:02  Zealot x8  
  150  15:18  Stalker x4  
Show
View Real Time Build Order
Export as new Build Order

ByuN Terran 

Build Orders: Cyclone Opening 

Get SALT Encoding   

  12  0:00  SCV  
  13  0:12  SCV  
  14  0:17  Supply Depot  
  14  0:24  SCV  
  15  0:38  SCV  
  15  0:39  Barracks  
  16  0:43  Refinery  
  16  0:50  SCV  
  16  0:53  Refinery  
  17  1:03  SCV  
  18  1:15  SCV  
  19  1:27  Orbital Command, Reaper  
  20  1:42  Factory  
  20  1:54  SCV  
  21  1:55  Supply Depot  
  21  2:06  SCV, Barracks Reactor  
  22  2:18  SCV  
  23  2:23  Command Center  
  23  2:28  Cyclone  
  25  2:31  SCV  
  26  2:38  Supply Depot  
  26  2:42  Marine  
  26  2:43  SCV, Marine  
  28  2:52  Starport  
  28  2:56  SCV  
  29  3:00  Marine  
  29  3:01  Marine  
  29  3:04  Factory Tech Lab  
  31  3:08  SCV  
  32  3:18  Marine x2  
  34  3:20  SCV  
  34  3:23  Siege Tank  
  38  3:32  SCV  
  39  3:34  Medivac  
  39  3:36  Marine x2  
  43  3:44  SCV  
  44  3:49  Orbital Command  
  44  3:55  Siege Tank  
  44  3:56  SCV  
  44  3:59  Marine  
  44  4:00  Marine  
  49  4:14  SCV x2  
  49  4:16  Marine  
  52  4:18  Supply Depot, Marine  
  53  4:26  SCV  
  54  4:40  SCV x2, Marine x2  
  57  4:52  SCV  
  55  4:53  SCV  
  55  4:59  Siege Tank  
  58  5:00  Liberator, Marine  
  58  5:06  Supply Depot  
  62  5:08  Supply Depot  
  62  5:09  Marine  
  62  5:10  SCV x2  
  65  5:19  Command Center  
  61  5:22  SCV x2  
  61  5:26  Marine  
  61  5:27  Marine  
  65  5:34  SCV x2  
  65  5:41  Siege Tank  
  68  5:44  Marine  
  68  5:45  Supply Depot, Marine  
  68  5:46  SCV x2  
  72  5:58  SCV x2  
  72  6:02  Barracks  
  72  6:04  Barracks  
  74  6:10  SCV x2, Marine x2, Refinery, Engineering Bay  
  74  6:11  Refinery  
  78  6:13  Engineering Bay  
  78  6:20  Starport Reactor  
  78  6:22  SCV x2  
  78  6:23  Factory Reactor  
  80  6:26  Supply Depot  
  80  6:32  Barracks  
  80  6:34  SCV x2, Barracks  
  80  6:36  Terran Infantry Armor Level 1  
  82  6:41  Terran Infantry Weapons Level 1  
  82  6:44  Orbital Command  
  82  6:51  Marine  
  82  6:52  Barracks Tech Lab, Marine  
  82  6:53  SCV x2  
  86  6:58  Stimpack  
  86  7:00  Medivac x2  
  90  7:08  SCV x2, Missile Turret  
  91  7:12  Marine  
  91  7:13  Marine, Marauder x2  
  91  7:15  Combat Shield  
  98  7:16  Orbital Command, Missile Turret  
  98  7:19  Barracks Reactor  
  98  7:21  Barracks Tech Lab  
  98  7:23  Supply Depot  
  98  7:25  SCV x2  
  100  7:35  Armory  
  100  7:37  SCV x2  
  100  7:39  Marine x2, Marauder  
  100  7:40  Marauder  
  100  7:41  Marauder  
  100  7:43  SCV  
  111  7:44  Supply Depot  
  111  7:51  SCV x2  
  113  7:53  Concussive Shells  
  113  7:54  Medivac x2  
  113  7:55  SCV  
  113  7:58  Supply Depot  
  118  8:01  Refinery  
  118  8:02  Refinery  
  118  8:03  SCV x2  
  120  8:06  Marauder  
  120  8:07  SCV  
  120  8:09  Marauder  
  120  8:10  Marauder  
  120  8:11  Marine  
  128  8:15  Marine x2  
  128  8:16  Marine  
  131  8:20  Widow Mine x2  
  131  8:25  SCV x3  
  138  8:31  Command Center  
  138  8:38  Marauder x2  
  138  8:41  Supply Depot  
  141  8:45  Marauder  
  141  8:46  Terran Infantry Weapons Level 2  
  141  8:47  Terran Infantry Armor Level 2  
  143  8:56  Sensor Tower  
  143  9:01  Viking x2  
  134  9:10  Marauder x3  
  134  9:13  SCV  
  134  9:14  SCV x2  
  96  9:25  SCV  
  96  9:26  SCV x2  
  96  9:28  Marine  
  96  9:31  Marine x2, Marauder  
  97  9:32  Marauder x2  
  97  9:37  SCV  
  104  9:38  SCV x2  
  98  9:47  Marine x2  
  98  9:49  SCV  
  98  9:50  SCV x2  
  98  9:52  Marine x2, Viking  
  105  9:53  Marauder x3  
  105  9:55  Viking  
  105  9:59  Orbital Command  
  115  10:10  Marine  
  115  10:11  Marine x2  
  115  10:12  Marine  
  118  10:14  SCV, Marauder x3  
  118  10:15  SCV x2  
  127  10:23  Widow Mine x2, Viking  
  127  10:25  Viking  
  135  10:32  Ghost Academy  
  135  10:36  Marauder x2  
  135  10:37  SCV  
  135  10:39  Marine x3  
  141  10:49  Marauder  
  142  10:54  SCV x2  
  122  10:57  Marauder x2  
  122  10:58  SCV  
  122  11:01  Marine x3  
  94  11:06  SCV x2  
  94  11:07  Orbital Command  
  94  11:10  SCV, Marauder  
  90  11:17  Marine  
  86  11:18  SCV x2, Marauder x2  
  86  11:19  Marine x2  
  85  11:25  SCV  
  85  11:30  SCV  
  85  11:32  SCV, Marauder  
  83  11:35  SCV  
  83  11:37  SCV  
  87  11:40  Marauder  
  87  11:43  SCV  
  87  11:44  Ghost  
  87  11:46  Marine x3  
  93  11:47  Marine  
  93  11:51  SCV x2  
  93  11:53  SCV, Marauder  
  99  12:03  Marine x2, Marauder  
  99  12:04  Marine, Medivac x2  
  99  12:05  Marine  
  109  12:08  Widow Mine  
  109  12:09  SCV x2, Widow Mine  
  109  12:10  SCV  
  109  12:13  Marauder, Terran Infantry Weapons Level 3  
  109  12:14  Marauder  
  115  12:23  SCV  
  115  12:24  Marauder  
  118  12:30  Marine  
  118  12:31  Marine x3  
  118  12:34  Supply Depot, SCV x2, Marauder  
  118  12:36  Marauder  
  128  12:37  SCV  
  128  12:39  Viking  
  127  12:46  Marauder  
  127  12:48  Marine x2  
  127  12:49  Marine x2  
  129  12:51  Widow Mine x2  
  129  12:56  Marauder  
  129  12:57  SCV, Marauder  
  126  12:59  SCV  
  126  13:01  SCV  
  123  13:06  SCV, Marine  
  123  13:07  Marauder  
  123  13:09  SCV  
  123  13:11  Marine x2  
  123  13:12  Marine  
  120  13:13  SCV  
  120  13:14  Widow Mine x2  
  120  13:17  Marauder  
  120  13:19  Marauder  
  122  13:24  Marine  
  116  13:28  Marauder  
  116  13:29  Marine x2  
  116  13:30  Marine  
  113  13:34  SCV  
  113  13:36  Widow Mine x2  
  113  13:37  SCV  
  113  13:39  Marauder  
  113  13:40  Marauder  
  111  13:43  Marine  
  111  13:46  Marine  
  98  13:50  SCV, Marauder  
  98  13:53  SCV  
  97  13:57  Widow Mine x2  
  97  14:00  Marine x2, Marauder  
  97  14:01  Marine, Marauder  
  95  14:11  Marine, Marauder  
  98  14:18  Marine, Widow Mine  
  98  14:20  Marine  
  98  14:21  Ghost  
  98  14:23  Marauder  
  102  14:32  Marine x2  
  102  14:33  Marauder  
  102  14:36  Marine  
  105  14:39  Marine  
  105  14:42  Orbital Command  
  105  14:44  Marauder  
  100  14:48  SCV x2  
  100  14:50  Marine x2, Marauder  
  92  14:53  Marine  
  92  14:54  Marauder, Widow Mine x2  
  92  14:56  Marine  
  98  15:00  SCV x2  
  98  15:06  Marauder  
  102  15:08  Marine x2  
  102  15:11  Marine, Marauder  
  102  15:12  SCV x2  
  100  15:14  Marine  
  100  15:15  Marauder  
  99  15:24  SCV x2  
  84  15:26  Marine x2  
Tags
 
Add a new tag
Caveats
  • Supply blocks, unpowered buildings, or Contaminate may cause inaccurate times.
  • Supply counts are checked every 10 seconds.